 Dungeon Sprint DCSS version 0.28.0-47-ge53b351184 (webtiles) character file.

Game seed: 9187075324739377975

38 browni3141 the Skirmisher (level 3, 0/63 HPs)
             Began as an Ogre Hunter on May 4, 2022.
             Slain by a gnoll sergeant
             ... wielding a +1 spear of flaming
              (7 damage)
             ... in the Dungeon (Sprint IX: "|||||||||||||||||||||||||||||").
             The game lasted 00:01:06 (46 turns).

browni3141 the Skirmisher (Ogre Hunter)               Turns: 46, Time: 00:01:07

Health: 0/63       AC:  3    Str: 18    XL:     3   Next: 43%
Magic:  3/3        EV:  9    Int: 12    God:
Gold:   0          SH:  0    Dex:  9    Spells: 2/2 levels left

rFire   . . .      SeeInvis .   a - +0 short sword
rCold   . . .      Faith    .   (no shield)
rNeg    . . .      Spirit   .   b - +0 robe
rPois   .          Reflect  .   (helmet restricted)
rElec   .          Harm     .   (no cloak)
rCorr   .          Rampage  .   (gloves unavailable)
Will    .....      NoTele   +   (boots unavailable)
Stlth   ..........              (no amulet)
HPRegen 0.20/turn               (no ring)
MPRegen 0.08/turn               (no ring)

@: berserking, very quick
A: large, unfitting armour, tough skin 1
a: no special abilities


You were in the Dungeon.
You visited 1 branch


Innate Abilities, Weirdness & Mutations

You are too large for most types of armour.
You have tough skin. (AC +1)


   Skills:
 + Level 5.5 Fighting
 * Level 4.6 Maces & Flails
 - Level 4.0 Throwing
 - Level 1.7 Dodging
 - Level 0.6 Stealth


You had 2 spell levels left.
You didn't know any spells.
Your spell library was empty.

Inventory:

Hand Weapons
 a - a +0 short sword (weapon)
Armour
 b - a +0 robe (worn)
Potions
 g - a potion of haste {@q3}
 h - 2 potions of magic

Dungeon Overview and Level Annotations

Branches:
Dungeon (1/1)

Altars:
¦(¦ ¦.¦ ¦(¦ ¦†¦ ¦'¦ ¦{¦ ¦S¦ ¦g¦

¦@¦
¦)¦
¦)¦
¦.¦
¦.¦
¦.¦
¦<¦
¦¦¦


You could see a gnoll sergeant and an adder.


Message History

The gnoll sergeant struggles against the net.
Unknown command.
You are too injured to fight recklessly!
You are too injured to fight recklessly!
You hit the gnoll sergeant but do no damage.
You punch the gnoll sergeant, but do no damage.
The gnoll sergeant is severely wounded.
The gnoll sergeant struggles against the net.
You hit the gnoll sergeant.
The gnoll sergeant is severely wounded.
The gnoll sergeant struggles against the net.
You hit the gnoll sergeant but do no damage.
The gnoll sergeant is severely wounded.
The gnoll sergeant struggles against the net.
You hit the gnoll sergeant but do no damage.
You punch the gnoll sergeant, but do no damage.
The gnoll sergeant is severely wounded.
The gnoll sergeant struggles against the net.
You hit the gnoll sergeant but do no damage.
The gnoll sergeant is severely wounded.
The gnoll sergeant struggles against the net.
You hit the gnoll sergeant but do no damage.
The gnoll sergeant is severely wounded.
The gnoll sergeant struggles against the net.
The net rips apart, and the gnoll sergeant comes free!
Really quaff
i - a potion of berserk rage {!q}?
A red film seems to cover your vision as you go berserk!
You feel yourself moving faster!
You feel mighty!
The gnoll sergeant hits you with a +1 spear of flaming!
You die...

Skill      XL: |  1  2 |
---------------+-------+-----
Fighting       | 3 5 |  5.5
Maces & Flails | 2 4 |  4.6
Throwing       | |  4.0
Dodging        | |  1.7
Stealth        | |  0.6

Action                   || total
-------------------------++-------
Melee: Short sword       ||    20
       Punch             ||     2
Throw: Large rock        ||     5
       Throwing net      ||     2
  Use: Potion            ||     3
       Scroll            ||     1
Armor: Robe              ||     6
Dodge: Dodged            ||     5

Levels and vault maps discovered:
D:        linesprint [early_d, line_temple, items_1, d_10, items_2, lair_1,
          lair_end, items_3, orc_1, orc_end, items_4, d_15, swamp_1, shoals_1,
          snake_1, spider_1, d_20, vaults_1, items_5, swamp_end, shoals_end,
          snake_end, spider_end, vaults_end, d_27, items_6, zot_1, zot_end,
          crypt_end, forest_end, elf_end, slime_end, tomb_end, abyss_end,
          pan_hell_end]

Notes
Turn   | Place    | Note
-------+----------+-------------------------------------------
     0 | D        | browni3141 the Ogre Hunter began the quest for the Orb.
     0 | D        | Reached XP level 1. HP: 22/22 MP: 1/1
     5 | D        | Reached skill level 3 in Fighting
     5 | D        | Reached skill level 1 in Maces & Flails
    11 | D        | Reached skill level 2 in Maces & Flails
    17 | D        | Reached XP level 2. HP: 28/32 MP: 2/2
    18 | D        | Reached skill level 4 in Fighting
    23 | D        | Noticed a sky beast
    23 | D        | Noticed a gnoll sergeant
    27 | D        | Reached skill level 5 in Fighting
    27 | D        | Reached skill level 4 in Maces & Flails
    27 | D        | Reached XP level 3. HP: 26/42 MP: 3/3
    38 | D        | HP: 3/42 [gnoll sergeant/+1 spear of flaming (5)]
    46 | D        | Slain by a gnoll sergeant

Vanquished Creatures
  A hound (D)
  A dart slug (D)
  A giant cockroach (D)
  A goblin (D)
  A kobold (D)
  A ball python skeleton (D)
  A rat (D)
7 creatures vanquished.

Table legend: (Time is in decaauts)
 A = Elapsed time spent in this place.
 B = Non-inter-level travel time spent in this place.
 C = Inter-level travel time spent in this place.
 D = Time resting spent in this place.
 E = Time spent auto-exploring this place.
 F = Levels seen in this place.
 G = Mean time per level.
                   A        B        C        D        E       F      G
               +--------+--------+--------+--------+--------+-----+--------+
         Total |     51 |     51 |      0 |      0 |      3 |   1 |   51.0 |
       Dungeon |     51 |     51 |      0 |      0 |      3 |   1 |   51.0 |
               +--------+--------+--------+--------+--------+-----+--------+

Top non-repeatable levels by time:
       D: 51 daAuts

Table legend:
 A = Non-vault XP
 B = Vault XP
 C = Vault XP percentage of total XP
 D = Non-vault monster count
 E = Vault monster count
 F = Vault count percentage of total count
                 A         B        C        D         E       F
            +---------+---------+-------+---------+---------+-------
      Total |       0 |      55 | 100.0 |       0 |       7 | 100.0
            +---------+---------+-------+---------+---------+-------
          D |       0 |      55 | 100.0 |       0 |       7 | 100.0
            +---------+---------+-------+---------+---------+-------
